 Dungeon Crawl Stone Soup version 0.29-a0-41-g89e12c0570 (webtiles) character file.

Game seed: 16374877887807833617

249 Dulis131 the Bolt Thrower (level 5, -6/46 HPs)
             Began as a Minotaur Hunter on Feb 2, 2022.
             Mangled by an iron imp (10 damage)
             ... summoned by Natasha
             ... on level 3 of the Dungeon.
             The game lasted 00:04:10 (2181 turns).

Dulis131 the Bolt Thrower (Minotaur Hunter)         Turns: 2181, Time: 00:04:10

Health: -6/46      AC:  3    Str: 19    XL:     5   Next: 86%
Magic:  4/4        EV: 12    Int:  8    God:
Gold:   104        SH:  0    Dex: 10    Spells: 4/4 levels left

rFire   . . .      SeeInvis .   a - +1 hand crossbow
rCold   . . .      Faith    .   (no shield)
rNeg    . . .      Spirit   .   c - +0 leather armour
rPois   .          Reflect  .   (helmet restricted)
rElec   .          Harm     .   (no cloak)
rCorr   .          Rampage  .   (no gloves)
Will    .....                   (no boots)
Stlth   +.........              (no amulet)
HPRegen 0.15/turn               (no ring)
MPRegen 0.09/turn               (no ring)

@: slowed, very slow
A: horns 2, retaliatory headbutt
a: no special abilities


You were on level 3 of the Dungeon.
You visited 1 branch of the dungeon, and saw 3 of its levels.

You collected 104 gold pieces.

Inventory:

Hand Weapons
 a - a +1 hand crossbow (weapon)
 b - a +0 short sword
Missiles
 d - 10 bolts (quivered ammo)
 i - 38 arrows
Armour
 c - a +0 leather armour (worn)
 h - a +0 buckler
Scrolls
 f - 2 scrolls of blinking {unknown}
 g - a scroll of teleportation {unknown}
 j - a scroll of acquirement {unknown}
 m - a scroll of identify {unknown}
 n - a scroll of silence {unknown}
Potions
 e - 3 potions of cancellation {unknown}
 k - a potion of curing
 l - a potion of lignification {unknown}


   Skills:
 + Level 3.8 Fighting
 + Level 6.7 Crossbows
 + Level 2.3 Armour
 + Level 2.7 Dodging
 + Level 0.8 Stealth


You had 4 spell levels left.
You didn't know any spells.
Your spell library contained the following spells:

 Spells                   Type           Power      Damage    Failure   Level
 Apportation              Tloc           0%         N/A       45%         1
 Alistair's Intoxication  Tmut/Pois      0%         N/A       100%        5


Dungeon Overview and Level Annotations

Branches:
Dungeon (3/15)

Altars:
Fedhas
Kikubaaqudgha

Annotations:
D:3 Natasha


Innate Abilities, Weirdness & Mutations

You have a pair of horns on your head.
You reflexively headbutt those who attack you in melee.


Message History

You shoot a bolt. The bolt completely misses Natasha.
Natasha closely misses you. Natasha claws you.
You shoot a bolt. The bolt closely misses Natasha.
Natasha claws you.
You shoot a bolt. The bolt hits Natasha.
Natasha is heavily wounded.
Natasha mumbles some strange words.
Natasha glows brightly for a moment.
Natasha claws you but does no damage. Natasha claws you.
You shoot a bolt. The bolt barely misses Natasha.
Natasha stares at you and mumbles some strange words.
The magic dart hits you. Natasha closely misses you.
You shoot a bolt. The bolt closely misses Natasha.
Natasha mumbles some strange words.
Natasha misses you.
You shoot a bolt. The bolt misses Natasha.
Natasha closely misses you. The iron imp hits you!
You are too injured to fight recklessly!
You are too injured to fight recklessly!
You are too injured to fight recklessly!
You are too injured to fight recklessly!
Fire: 12 bolts
Press: ? - help, Q - select action Shift-Dir - straight line, f/p - Natasha
Aim: Natasha (heavily wounded, 59% to hit)
You shoot a bolt. The bolt closely misses Natasha.
Natasha closely misses you. The iron imp hits you. Natasha claws you.
* * * LOW HITPOINT WARNING * * *
Fire: 11 bolts
Press: ? - help, Q - select action Shift-Dir - straight line, f/p - Natasha
Aim: Natasha (heavily wounded, 59% to hit)
You shoot a bolt. The bolt hits Natasha.
Natasha is almost dead.
Natasha howls an incantation.
Natasha's front paws start to glow.
Natasha claws you.
* * * LOW HITPOINT WARNING * * *
The iron imp hits you!
* * * LOW HITPOINT WARNING * * *
Natasha mumbles some strange words.
The iron imp hits you!
You die...

########.....# ##
#............# .
#............##### ###.
#.................
[#...##......[..†.......
.^......................
....................####
#............)..†..##...
#.....5@####'####...PP_.
#......h# ####.........
#......(5 #.........###
#.....###( #._P.P..###..
....>. .(.#P.P##.......
#..... #'######........
#..... ................
#.... ...........#####
........#### #.


You could see an iron imp (summoned), Natasha and a crimson imp (summoned).

Vanquished Creatures
  A water moccasin skeleton (D:3)
  A bullfrog zombie (D:3)
  A gnoll shaman (D:3)
  Natasha (twice) (D:3)
  5 gnolls (D:3)
  A worm (D:2)
  An orc (D:3)
  10 endoplasms
  3 giant cockroaches
  3 goblins
  2 hobgoblins
  3 jackals (D:2)
  A quokka (D:1)
  A ball python (D:3)
  4 bats
  A frilled lizard (D:1)
  4 rats
44 creatures vanquished.

Vanquished Creatures (others)
  11 plants (D:3)
11 creatures vanquished.

Grand Total: 55 creatures vanquished

Notes
Turn   | Place    | Note
-------+----------+-------------------------------------------
     0 | D:1      | Dulis131 the Minotaur Hunter began the quest for the Orb.
     0 | D:1      | Reached XP level 1. HP: 18/18 MP: 0/0
   200 | D:1      | Reached XP level 2. HP: 21/25 MP: 1/1
   385 | D:1      | Reached skill level 5 in Crossbows
  1010 | D:2      | Reached XP level 3. HP: 30/30 MP: 2/2
  1405 | D:3      | Noticed Natasha
  1409 | D:3      | Killed Natasha
  1410 | D:3      | Reached skill level 1 in Armour
  1556 | D:3      | Reached XP level 4. HP: 32/37 MP: 3/3
  1601 | D:3      | Reached skill level 6 in Crossbows
  1804 | D:3      | Reached XP level 5. HP: 45/45 MP: 4/4
  2140 | D:3      | Found an ancient bone altar of Kikubaaqudgha.
  2142 | D:3      | Found a blossoming altar of Fedhas.
  2142 | D:3      | Noticed Natasha
  2144 | D:3      | Killed Natasha
  2166 | D:3      | Noticed Natasha
  2181 | D:3      | Mangled by an iron imp

Illustrated notes

Levels and vault maps discovered:
D:1:      mainiacjoe_arrival_reflecting_pool, layout_basic,
          chequers_serial_rivers_large_b
D:2:      layout_loops_ring
D:3:      layout_basic, grunt_temple_overflow_growth_and_decay,
          basic_ecumenical_altar, roderic_roman_lattice, nicolae_grassy_gnolls,
          uniq_natasha

Skill      XL: |  1  2  3  4 |
---------------+-------------+-----
Crossbows      | 5 6 |  6.7
Armour         | 1 2 |  2.3
Fighting       | 3 |  3.8
Dodging        | |  2.7
Stealth        | |  0.8

Action                   |  1- 3 |  4- 6 || total
-------------------------+-------+-------++-------
 Fire: Hand crossbow     |    58 |    64 ||   122
Armor: Leather armour    |     5 |     3 ||     8
Dodge: Dodged            |     9 |    19 ||    28

Table legend: (Time is in decaauts)
 A = Elapsed time spent in this place.
 B = Non-inter-level travel time spent in this place.
 C = Inter-level travel time spent in this place.
 D = Time resting spent in this place.
 E = Time spent auto-exploring this place.
 F = Levels seen in this place.
 G = Mean time per level.
                   A        B        C        D        E       F      G
               +--------+--------+--------+--------+--------+-----+--------+
         Total |   2235 |   2192 |     43 |    165 |   1721 |   3 |  745.0 |
       Dungeon |   2235 |   2192 |     43 |    165 |   1721 |   3 |  745.0 |
               +--------+--------+--------+--------+--------+-----+--------+

Top non-repeatable levels by time:
     D:1: 868 daAuts
     D:3: 831 daAuts
     D:2: 536 daAuts
